 Dungeon Crawl Stone Soup version 0.20.1-1-g8b1a95d (webtiles) character file.

25 Linguinho the Vexing (level 2, 0/19 HPs)
             Began as a Demonspawn Enchanter on Oct 31, 2017.
             Slain by a goblin (3 damage)
             ... led by Robin
             ... on level 1 of the Dungeon.
             The game lasted 00:02:45 (871 turns).

Linguinho the Vexing (Demonspawn Enchanter)          Turns: 871, Time: 00:02:46

Health: 0/19       AC:  2    Str:  8    XL:     2   Next: 86%
Magic:  0/5        EV: 12    Int: 16    God:
Gold:   22         SH:  0    Dex: 13    Spells: 2/5 levels left

rFire    . . .     SeeInvis .   a - +1 dagger
rCold    . . .     Gourm    .   (no shield)
rNeg     . . .     Faith    .   b - +0 robe
rPois    .         Spirit   +   (no helmet)
rElec    .         Reflect  .   (no cloak)
rCorr    .         Harm     .   (no gloves)
MR       .....                  (no boots)
Stlth    ++........             (no amulet)
Regen    0.1/turn               (no ring)
MPRegen  0.1/turn               (no ring)

@: no status effects
A: magic shield
a: no special abilities


You were on level 1 of the Dungeon.
You were not hungry.

You visited 1 branch of the dungeon, and saw 2 of its levels.

You collected 22 gold pieces.

Inventory:

Hand Weapons
 a - a +1 dagger (weapon)
Armour
 b - a +0 robe (worn)
 l - a +0 buckler
Scrolls
 e - a scroll of blinking {unknown}
 g - a scroll of magic mapping {unknown}
 i - a scroll of remove curse {unknown}
 k - a scroll of identify {unknown}
Potions
 h - 2 potions of resistance {unknown}
 j - a potion of magic {unknown}
Books
 c - a book of Maledictions

   Spells                             Type                      Level
   a - Corona                         Hexes                        1
   b - Ensorcelled Hibernation        Hexes/Ice                    2
   c - Confuse                        Hexes                        3
   d - Tukima's Dance                 Hexes                        3
   e - Dazzling Spray                 Conjuration/Hexes            3
Comestibles
 d - 2 bread rations
 f - 2 meat rations


   Skills:
 + Level 0.2 Fighting
 + Level 1.0 Short Blades
 + Level 2.1 Dodging
 + Level 3.0 Stealth
 + Level 2.2 Spellcasting
 + Level 3.3 Hexes
 + Level 0.1 Ice Magic


You had 2 spell levels left.
You knew the following spells:

 Your Spells              Type           Power        Failure   Level  Hunger
a - Corona                Hex            ##.....      5%          1    #......
b - Ensorcelled Hibernat  Hex/Ice        #.....       16%         2    ###....


Dungeon Overview and Level Annotations

Branches:
Dungeon (2/15)

Altars:

Annotations:
D:1 Terence
D:2 Robin


Innate Abilities, Weirdness & Mutations

When hurt, damage is shared between your health and your magic reserves.


Message History

The bat barely misses you. x2; The goblin closely misses you.
Terence the Incautious comes into view.
He is wielding a short sword.
The bat barely misses you.
Found an escape hatch in the floor.
The hobgoblin hits you with a club!
* * * LOW HITPOINT WARNING * * *
The rat closely misses you. The bat hits you but does no damage.
The rat barely misses you.
Terence shouts!
There is a stone staircase leading up here.
The bat barely misses you. The rat bites you.
* * * LOW HITPOINT WARNING * * *
The bat hits you but does no damage. Terence hits you but does no damage.
You climb upwards.
There is a stone staircase leading down here.
The rat bites you.
* * * LOW HITPOINT WARNING * * *
Terence closely misses you. The rat closely misses you. The goblin hits you.
You die...

# #.#.....#.. ###.#.....#.##
....#.....#.. ##..##...##.#
######### ###)###.###.#
#≈P≈≈..≈# # #.....)...#
###≈≈.PP≈≈# # #######.#.##
##.#≈P≈P.PP#
#########....####@.#≈≈....≈#
................@g.#≈.≈P≈#.#
..#######....####r>#.≈≈P≈#.#
...## #.#.## ##.'≈≈≈.P#<#
....# #.### ###########
...## ... ..## #.#. .## #.
.# .#


You could see Terence, a goblin and a rat.

Vanquished Creatures
  An ooze (D:1)
  3 bats
  A giant cockroach (D:1)
  3 goblins (D:1)
  3 hobgoblins (D:1)
  2 kobolds (D:1)
  A ball python (D:1)
  2 frilled lizards (D:1)
  5 rats
21 creatures vanquished.

Notes
Turn   | Place    | Note
-------+----------+-------------------------------------------
     0 | D:1      | Linguinho the Demonspawn Enchanter began the quest for the Orb.
     0 | D:1      | Reached XP level 1. HP: 13/13 MP: 3/3
   393 | D:1      | Gained mutation: When hurt, damage is shared between your health and your magic reserves. [demonic ancestry]
   393 | D:1      | Reached XP level 2. HP: 14/19 MP: 3/5
   397 | D:1      | Learned a level 2 spell: Ensorcelled Hibernation
   628 | D:1      | Reached skill level 1 in Short Blades
   694 | D:1      | You fall through a shaft!
   838 | D:2      | Noticed Robin
   863 | D:2      | Noticed Terence
   871 | D:1      | Slain by a goblin

Skill      XL: |  1  2 |
---------------+-------+-----
Dodging        | 2 |  2.1
Stealth        | 3 |  3.0
Short Blades   | 1 |  1.0
Fighting       | |  0.2
Spellcasting   | |  2.2
Hexes          | |  3.3
Ice Magic      | |  0.1

Action                   || total
-------------------------++-------
Melee: Dagger            ||    86
 Cast: Corona            ||     7
       Ensorcelled Hiber ||     4
 Stab: Sleeping          ||     3
Armor: Robe              ||    30
Dodge: Dodged            ||    83
